 Dungeon Crawl Stone Soup version 0.28-a0-769-g550dbda0cd (webtiles) character file.

Game seed: 2214967464788454235

16 cheechan the Skirmisher (level 2, -4/28 HPs)
             Began as a Naga Fighter on Oct 31, 2021.
             Killed from afar by Terence (9 damage)
             ... with a puff of flame
             ... on level 2 of the Dungeon.
             The game lasted 00:04:44 (632 turns).

cheechan the Skirmisher (Naga Fighter)               Turns: 632, Time: 00:04:45

Health: -4/28      AC:  5    Str: 18    XL:     2   Next: 54%
Magic:  2/2        EV:  7    Int:  8    God:
Gold:   20         SH:  4    Dex: 10    Spells: 1/1 levels left

rFire   . . .      SeeInvis +   a - +0 trident
rCold   . . .      Faith    .   c - +0 buckler
rNeg    . . .      Spirit   .   b - +0 scale mail
rPois   +          Reflect  .   e - +0 helmet
rElec   .          Harm     .   (no cloak)
rCorr   +          Rampage  .   (no gloves)
Will    .....                   (no barding)
Stlth   ..........              (no amulet)
HPRegen 0.09/turn               k - ring of resist corrosion
MPRegen 0.08/turn               m - ring of resist corrosion

@: very slow
A: AC +0, large, see invisible, deformed body, poison resistance, slowness 2,
spit poison 1, naga tail 1
a: Spit Poison


You were on level 2 of the Dungeon.
You visited 1 branch of the dungeon, and saw 2 of its levels.

You collected 20 gold pieces.

Inventory:

Hand Weapons
 a - a +0 trident (weapon)
Missiles
 f - 78 stones
 h - 23 poisoned darts
 o - 21 bolts
 p - 23 arrows
Armour
 b - a +0 scale mail (worn)
 c - a +0 buckler (worn)
 e - a +0 helmet (worn)
Magical Staves
 j - a staff of cold
Jewellery
 k - a ring of resist corrosion (left hand)
 m - a ring of resist corrosion (right hand)
Scrolls
 g - a scroll of enchant weapon {unknown}
 i - a scroll of immolation {unknown}
 l - a scroll of enchant armour {unknown}
 n - a scroll of noise {unknown}
Potions
 d - a potion of might


   Skills:
 + Level 3.2 Fighting
 + Level 2.2 Polearms
 + Level 2.5 Armour
 + Level 2.6 Shields


You had one spell level left.
You didn't know any spells.
Your spell library was empty.

Dungeon Overview and Level Annotations

Branches:
Dungeon (2/15)

Altars:

Annotations:
D:2 Terence


Innate Abilities, Weirdness & Mutations

Your serpentine skin is tough. (AC +0)
You have supernaturally acute eyesight. (SInv)
Armour fits poorly on your strangely shaped body.
Your system is resistant to poisons. (rPois)
You cover ground very slowly.
You can spit poison.
You have a snake-like lower body.


Message History

You closely miss the giant cockroach.
The giant cockroach is lightly wounded.
The giant cockroach bites you.
You hit the giant cockroach.
The giant cockroach is severely wounded.
The giant cockroach barely misses you.
The giant cockroach bites you but does no damage.
You puncture the giant cockroach!
You kill the giant cockroach!
You see here a giant cockroach corpse.
You open the door.
Terence the Incautious comes into view.
He is wielding a +0 hand axe and carrying a wand of flame (28).
Terence shouts!
Terence zaps a wand.
The puff of flame hits you.
There is an open door here.
Terence zaps a wand.
The puff of flame hits you.
Abil: Spit Poison
Press: ? - help, Q - select action, (/) - cycle Shift-Dir - straight line, f - Terence
Aim: Terence, wielding a +0 hand axe, wearing a +0 chain mail and carrying a wand of flame (26)
The splash of poison hits Terence.
Terence is lightly wounded.
Terence zaps a wand.
The puff of flame hits you but does no damage.
Found a scroll labelled DATHUSSIMAOSM.
You closely miss Terence.
Terence is lightly wounded.
Terence zaps a wand.
The puff of flame hits you.
You barely miss Terence.
Terence is lightly wounded.
Terence hits you with a +0 hand axe.
You barely miss Terence.
Terence is lightly wounded.
You have got your breath back.
Terence closely misses you.
You hit Terence but do no damage.
Terence is lightly wounded.
Terence zaps a wand.
The puff of flame hits you!
* * * LOW HITPOINT WARNING * * *
Terence zaps a wand.
The puff of flame hits you!
You die...

.#. ....... ...
....... ..###
....... #....
....... ##...##
.......## ##.....##
........###.......##
#.......##.†.......#
......@@.'.......).+
#.....#.##..<......#
#.≈≈≈ #.###.......##
#.≈? #.# ##.....##
#.≈ ..# ##...## #.
##. ..## # . ..# .
..# ...


You could see Terence.

Vanquished Creatures
  2 ball pythons (D:1)
  2 giant cockroaches
  2 goblins
  2 quokkas (D:1)
  3 bats (D:1)
  A frilled lizard (D:1)
  2 rats (D:1)
14 creatures vanquished.

Notes
Turn   | Place    | Note
-------+----------+-------------------------------------------
     0 | D:1      | cheechan the Naga Fighter began the quest for the Orb.
     0 | D:1      | Reached XP level 1. HP: 21/21 MP: 1/1
   299 | D:1      | Reached XP level 2. HP: 26/28 MP: 2/2
   624 | D:2      | Noticed Terence
   632 | D:2      | Killed from afar by Terence

Illustrated notes

Levels and vault maps discovered:
D:1:      dpeg_arrival_tiny_a, layout_loops_ring, minmay_misc_feat_pillars
D:2:      layout_loops_corners, basic_ecumenical_altar, roderic_serpentine_path,
          corexii_item_surrounded_by_moat, lemuel_flame_loot_1, uniq_terence

Action                   || total
-------------------------++-------
Melee: Trident           ||    41
 Abil: Spit Poison       ||     6
Armor: Scale mail        ||    33
Dodge: Dodged            ||    17
Block: Buckler           ||    11

Table legend: (Time is in decaauts)
 A = Elapsed time spent in this place.
 B = Non-inter-level travel time spent in this place.
 C = Inter-level travel time spent in this place.
 D = Time resting spent in this place.
 E = Time spent auto-exploring this place.
 F = Levels seen in this place.
 G = Mean time per level.
                   A        B        C        D        E       F      G
               +--------+--------+--------+--------+--------+-----+--------+
         Total |    861 |    861 |      0 |      0 |      0 |   2 |  430.5 |
       Dungeon |    861 |    861 |      0 |      0 |      0 |   2 |  430.5 |
               +--------+--------+--------+--------+--------+-----+--------+

Top non-repeatable levels by time:
     D:1: 832 daAuts
     D:2: 29 daAuts
